 Dungeon Crawl Stone Soup version 0.18.1-48-g4cf74bf (webtiles) character file.

2792 CrazyArbalest the Quickloader (level 9, -6/74 HPs)
             Began as a Minotaur Hunter on May 7, 2016.
             Mangled by a wolf (14 damage)
             ... led by Grum
             ... on level 8 of the Dungeon on Aug 7, 2016.
             The game lasted 00:35:16 (5688 turns).

CrazyArbalest the Quickloader (Minotaur Hunter)     Turns: 5688, Time: 00:35:17

Health: -6/74      AC: 15    Str: 19    XL:     9   Next: 43%
Magic:  8/8        EV: 10    Int:  8    God:    Xom [*.....]
Gold:   452        SH:  0    Dex: 14    Spells: 0 memorised, 8 levels left

rFire  . . .     SeeInvis .     b - +1 hand crossbow
rCold  + . .     Gourm    .     G - +0 chain mail (curse)
rNeg   . . .     Faith    .     (no shield)
rPois  .         Spirit   .     (helmet restricted)
rElec  .         Dismiss  .     m - +0 cloak
rCorr  .         Reflect  .     k - +0 pair of gloves
SustAt .         Harm     .     (no boots)
MR     .....                    (no amulet)
Stlth  ..........               (no ring)
                                (no ring)

@: not resistant to hostile enchantments, extremely unstealthy
A: retaliatory headbutt, horns 2, thin metallic scales 1, thin skeletal
structure 1, blink, cold resistance 1
a: Blink, Renounce Religion


You were on level 8 of the Dungeon.
You worshipped Xom.
You were a special plaything of Xom.
You were hungry.

You visited 1 branch of the dungeon, and saw 8 of its levels.

You collected 452 gold pieces.

Inventory:

Hand Weapons
 a - a +0 dire flail
 b - a +1 hand crossbow (weapon)
 F - a +0 flail
Missiles
 d - 4 bolts (quivered)
Armour
 k - a +0 pair of gloves (worn)
 m - a +0 cloak (worn)
 o - a +0 scale mail
 E - a +0 chain mail
 G - a cursed +0 chain mail (worn)
 N - a cursed +0 robe
Jewellery
 y - an uncursed ring of flight {unknown}
Wands
 n - a wand of slowing (22/48)
 q - a wand of flame (25/48)
Scrolls
 g - 2 scrolls of fear {unknown}
 i - 8 scrolls of identify
 j - a scroll of blinking {unknown}
 p - 4 scrolls of remove curse
 t - a scroll of fog {unknown}
 w - 2 scrolls of magic mapping {unknown}
 A - 2 scrolls of random uselessness {unknown}
 H - 3 scrolls of enchant weapon {unknown}
 M - a scroll of summoning {unknown}
Potions
 c - a potion of mutation {unknown}
 e - 2 potions of curing
 h - a potion of lignification {unknown}
 l - 3 potions of invisibility {unknown}
 r - a potion of flight {unknown}
 u - 2 potions of magic {unknown}
 z - a potion of resistance {unknown}
 D - a potion of might {unknown}
 J - a potion of degeneration {unknown}
 K - a potion of heal wounds {unknown}
Books
 L - a book of the Dragon

   Spells                             Type                      Level
   a - Flame Tongue                   Conjuration/Fire             1
   b - Cause Fear                     Hexes                        4
   c - Bolt of Fire                   Conjuration/Fire             6
   d - Dragon Form                    Transmutation                7
   e - Dragon's Call                  Summoning                    9
Miscellaneous
 v - a fan of gales
Comestibles
 f - 10 bread rations
 s - a royal jelly
 x - 2 meat rations
 B - a slice of pizza
 C - 4 fruits


   Skills:
 + Level 5.6 Fighting
 + Level 5.7 Maces & Flails
 * Level 9.3 Crossbows
 + Level 7.6 Armour
 + Level 6.0 Dodging
 + Level 1.3 Stealth


You had 8 spell levels left.
You didn't know any spells.

Dungeon Overview and Level Annotations

Branches:
Dungeon (8/15)             Temple (0/1) D:7
   Lair: D:8-11

Altars:
Elyvilon
Fedhas
Kikubaaqudgha
Ru
Sif Muna
Xom
Yredelemnul
The Shining One


Innate Abilities, Weirdness & Mutations

You reflexively headbutt those who attack you in melee.
You have a pair of horns on your head.
You are partially covered in thin metallic scales (AC +2).
You have a somewhat thin skeletal structure (Dex +2, Stealth).
You can translocate small distances at will.
Your flesh is cold resistant.


Message History

Press: ? - help, Shift-Dir - straight line, f/p - wolf
Aim: a wolf (moderately wounded, unusually strong)
You shoot a bolt. The bolt misses the wolf.
The wolf bites you!
* * * LOW HITPOINT WARNING * * *
Xom is mildly amused.
The wolf closely misses you.
Drink which item? (? for menu, Esc to quit)
You feel better. The wolf bites you!
* * * LOW HITPOINT WARNING * * *
Firing (i - inventory):
d - 6 bolts (quivered)
Press: ? - help, Shift-Dir - straight line, f/p - wolf
Aim: a wolf (moderately wounded, unusually strong)
You shoot a bolt. The bolt hits the wolf.
The wolf is heavily wounded.
The wolf barely misses you. The wolf bites you but does no damage.
Firing (i - inventory):
d - 5 bolts (quivered)
Press: ? - help, Shift-Dir - straight line, f/p - wolf
Aim: a wolf (heavily wounded, unusually strong)
You shoot a bolt. The bolt closely misses the wolf.
The wolf bites you!
You die...

##.......##
...(...
#.........##
.....
+.........'.
.....
#......^..##
.(. #.......##
.(. ##.....##
#)# ##...## #h#
##'## #@####
#.# #....#
##.######
####.#
#........ #.#
##...####. #.#
#.....###. #.#
##..>.....
#.#####(.#.###.
#..........# #.
#######.#### #.


You could see a wolf.

Vanquished Creatures
  Pikel (D:7)
  Prince Ribbit (D:7)
  Sigmund (D:3)
  A spriggan (D:7)
  Grum (D:8)
  An orc warrior (D:7)
  A phantom (D:6)
  A centaur (D:5)
  A necrophage (D:5)
  An ogre (D:7)
  3 wolves (D:8)
  4 giant frogs
  A wyvern skeleton (D:7)
  A scorpion (D:6)
  A crimson imp (D:8)
  2 jellies
  2 hounds
  4 orc wizards
  A giant frog skeleton (D:5)
  A gnoll shaman (D:6)
  4 worker ants
  3 iguanas
  A worker ant zombie (D:6)
  5 gnolls (D:6)
  5 adders
  2 shadow imps
  An ooze (D:1)
  5 worms
  An adder zombie (D:5)
  3 dart slugs
  4 giant geckos
  8 orcs
  A ball python (D:2)
  6 giant cockroaches
  3 goblins (D:1)
  6 hobgoblins
  10 jackals
  A quokka (D:8)
  3 bats
  2 giant gecko skeletons
  8 giant newts
  8 kobolds
  A quokka zombie (D:5)
  10 rats
131 creatures vanquished.

Vanquished Creatures (collateral kills)
  A giant frog skeleton (D:5)
1 creature vanquished.

Vanquished Creatures (others)
  A dancing weapon (D:7)
1 creature vanquished.

Grand Total: 133 creatures vanquished

Notes
Turn   | Place    | Note
--------------------------------------------------------------
     0 | D:1      | CrazyArbalest the Minotaur Hunter began the quest for the Orb.
     0 | D:1      | Reached XP level 1. HP: 18/18 MP: 0/0
   221 | D:1      | Reached XP level 2. HP: 25/25 MP: 1/1
   457 | D:1      | Reached skill level 5 in Crossbows
   787 | D:2      | Reached XP level 3. HP: 25/30 MP: 2/2
  1430 | D:2      | Reached skill level 1 in Stealth
  1750 | D:3      | Reached XP level 4. HP: 33/37 MP: 3/3
  1915 | D:3      | Noticed Sigmund
  1928 | D:3      | Killed Sigmund
  1928 | D:3      | Reached skill level 1 in Maces & Flails
  1928 | D:3      | Reached skill level 6 in Crossbows
  1928 | D:3      | Reached XP level 5. HP: 25/45 MP: 4/4
  2113 | D:3      | Reached XP level 6. HP: 40/51 MP: 5/5
  2633 | D:3      | Upgraded the game from 0.18.1-1-g2f07953 to 0.18.1-48-g4cf74bf
  3048 | D:4      | Found a white marble altar of Elyvilon.
  3290 | D:4      | Found a deep blue altar of Sif Muna.
  3292 | D:4      | Found a sacrificial altar of Ru.
  3299 | D:4      | Found an ancient bone altar of Kikubaaqudgha.
  3299 | D:4      | Found a shimmering altar of Xom.
  3301 | D:4      | Found a glowing golden altar of the Shining One.
  3320 | D:4      | Became a worshipper of Xom of Chaos
  3661 | D:5      | Entered Level 5 of the Dungeon
  3671 | D:5      | XOM: potion effect (might)
  3781 | D:5      | XOM: scenery: create altars
  3804 | D:5      | Noticed Edmund
  3823 | D:5      | Noticed Edmund
  3823 | D:5      | Edmund changed into Edmund the giant frog
  3823 | D:5      | XOM: polymorph Edmund -> Edmund the giant frog
  3828 | D:5      | Killed Edmund the giant frog
  3828 | D:5      | Reached XP level 7. HP: 32/57 MP: 6/6
  4024 | D:5      | Reached skill level 5 in Dodging
  4086 | D:5      | XOM: summons friendly quasit
  4138 | D:5      | XOM: summons friendly quasit
  4144 | D:5      | Reached skill level 5 in Armour
  4563 | D:6      | Reached XP level 8. HP: 64/66 MP: 7/7
  4693 | D:6      | XOM: give mutations
  4693 | D:6      | Gained mutation: Your flesh is cold resistant. [Xom's grace]
  4693 | D:6      | Gained mutation: You have a somewhat thin skeletal structure (Dex +2, Stealth). [Xom's grace]
  4693 | D:6      | Gained mutation: You can translocate small distances at will. [Xom's grace]
  4693 | D:6      | Gained mutation: You are partially covered in thin metallic scales (AC +2). [Xom's grace]
  4710 | D:6      | XOM: confusion (+ monsters)
  4721 | D:6      | XOM: swap monsters
  4725 | D:6      | Reached skill level 7 in Crossbows
  4951 | D:6      | XOM: god gift: fan of gales
  5039 | D:7      | Noticed Pikel
  5047 | D:7      | XOM: scenery: create altars
  5054 | D:7      | Killed Pikel
  5054 | D:7      | Reached skill level 5 in Fighting
  5102 | D:7      | Reached skill level 8 in Crossbows
  5115 | D:7      | Reached skill level 5 in Maces & Flails
  5148 | D:7      | Reached XP level 9. HP: 36/74 MP: 8/8
  5204 | D:7      | Noticed Prince Ribbit
  5210 | D:7      | Killed Prince Ribbit
  5277 | D:7      | Found a staircase to the Ecumenical Temple.
  5367 | D:7      | Found a blossoming altar of Fedhas.
  5437 | D:7      | Found a deep blue altar of Sif Muna.
  5538 | D:8      | Found a basalt altar of Yredelemnul.
  5549 | D:8      | XOM: mild Conj miscast
  5579 | D:8      | XOM: harmless Chrm miscast
  5655 | D:8      | Noticed Grum
  5666 | D:8      | Killed Grum
  5666 | D:8      | Reached skill level 9 in Crossbows
  5678 | D:8      | XOM: enchant monster (bad)
  5688 | D:8      | Mangled by a wolf

Skill      XL: |  1  2  3  4  5  6  7  8  9 |
---------------+----------------------------+-----
Crossbows      | 5 6 8 9 |  9.3
Stealth        | 1 |  1.3
Dodging        | 3 4 5 6 |  6.0
Fighting       | 3 4 5 |  5.6
Maces & Flails | 1 3 5 |  5.7
Armour         | 2 3 5 6 7 |  7.6

Action                   |  1- 3 |  4- 6 |  7- 9 || total
-------------------------+-------+-------+-------++-------
Melee: Short sword       |    29 |       |       ||    29
       Headbutt          |    15 |    27 |    28 ||    70
       Club              |    66 |    62 |       ||   128
       Flail             |       |   101 |       ||   101
       Dire flail        |       |       |   124 ||   124
 Fire: Hand crossbow     |     2 |    14 |    60 ||    76
  Use: Potion            |       |     1 |     2 ||     3
       Scroll            |       |       |     2 ||     2
 Stab: Sleeping          |     1 |       |       ||     1
  Eat: Chunk             |     2 |     7 |     6 ||    15
Armor: Leather armour    |    14 |       |       ||    14
       Ring mail         |    16 |    66 |       ||    82
       Chain mail        |       |       |   107 ||   107
Dodge: Dodged            |    72 |   116 |   120 ||   308
